 Dungeon Sprint DCSS version 0.25-a0-578-gc91f01c39c (webtiles) character file.

Game seed: 13205515947109205658, levelgen mode: deterministic

44 MordorOrchid the Skirmisher (level 3, -1/32 HPs)
             Began as a Demonspawn Necromancer on Mar 6, 2020.
             Slain by an adder (4 damage)
             ... in the Dungeon (Sprint IX: "|||||||||||||||||||||||||||||").
             The game lasted 00:01:28 (231 turns).

MordorOrchid the Skirmisher (Demonspawn Necromancer) Turns: 231, Time: 00:01:29

Health: -1/32      AC:  2    Str:  8    XL:     3   Next: 41%
Magic:  1/6        EV: 14    Int: 17    God:
Gold:   0          SH:  0    Dex: 13    Spells: 4/6 levels left

rFire    . . .     SeeInvis .   (no weapon)
rCold    . . .     Gourm    .   (no shield)
rNeg     . . .     Faith    .   a - +0 robe
rPois    .         Spirit   .   (helmet restricted)
rElec    .         Reflect  .   (no cloak)
rCorr    .         Harm     .   (no gloves)
MR       .....     NoTele   +   (no boots)
Stlth    ++........             (no amulet)
HPRegen  0.10/turn              (no ring)
MPRegen  0.10/turn              (no ring)

@: lethally poisoned (-1 -> -3), berserk cooldown, slowed, very slow
A: horns 2
a: no special abilities


You were in the Dungeon.
You were not hungry.

You visited 1 branch

Inventory:

Armour
 a - a +0 robe (worn)
Scrolls
 i - a scroll of blinking
Potions
 d - a potion of curing
 e - a potion of heal wounds
 f - a potion of haste
 g - 2 potions of magic
Comestibles
 b - 4 chunks of flesh
 c - a ration


   Skills:
 * Level 4.8 Fighting
 * Level 4.4 Dodging
 - Level 1.7 Stealth
 - Level 2.0 Spellcasting
 - Level 4.3 Necromancy


You had 4 spell levels left.
You knew the following spells:

 Your Spells              Type           Power        Failure   Level  Hunger
a - Pain                  Necr           ###.         3%          1    #......
u - Animate Skeleton      Necr           N/A          3%          1    #......

Your spell library contained the following spells:

 Spells                   Type           Power        Failure   Level  Hunger
 Vampiric Draining        Necr           ###.......   10%         3    ###....
 Animate Dead             Necr           N/A          32%         4    #####..
 Agony                    Necr           ###.....     65%         5    ######.


Dungeon Overview and Level Annotations

Branches:
Dungeon (1/1)

Altars:


Innate Abilities, Weirdness & Mutations

You have a pair of horns on your head.


Message History

Your Dodging skill increases to level 4!
You have reached level 3!
Your experience leads to an increase in your attributes!
Increase (S)trength, (I)ntelligence, or (D)exterity?
You feel clever.
Your demonic ancestry asserts itself...
The horns on your head grow some more.
You are no longer berserk.
You are exhausted.
You feel yourself slow down.
You miss the adder. The adder bites you. x2
* * * LOW HITPOINT WARNING * * *
You barely miss the adder. The adder completely misses you.
The adder bites you.
* * * LOW HITPOINT WARNING * * *
You are poisoned.
The adder poisons you!
You completely miss the adder.
* * * LOW HITPOINT WARNING * * *
You feel sick. The adder bites you.
You die...

▓▓▓
▓<▓
▓.▓
▓.▓
▓.▓
▓†▓
▓)▓
▓@▓
▓S▓
▓.▓
▓.▓
▓'▓
▓.▓
▓.▓
▓.▓
▓.▓


You could see an adder.

Vanquished Creatures
  An orc priest (D)
  An adder (D)
  A leopard gecko (D)
  An orc (D)
  A giant cockroach (D)
  2 frilled lizards (D)
  A kobold (D)
  A rat (D)
9 creatures vanquished.

Notes
Turn   | Place    | Note
-------+----------+-------------------------------------------
     0 | D        | MordorOrchid the Demonspawn Necromancer began the quest for
                  | the Orb.
     0 | D        | Reached XP level 1. HP: 13/13 MP: 3/3
     4 | D        | Reached skill level 1 in Fighting
    32 | D        | Learned a level 1 spell: Animate Skeleton
   208 | D        | Noticed an orc priest
   221 | D        | Gained mutation: You have a pair of small horns on your
                  | head. [demonic ancestry]
   221 | D        | Reached XP level 2. HP: 24/24 MP: 0/5
   228 | D        | Gained mutation: You have a pair of horns on your head.
                  | [demonic ancestry]
   228 | D        | Reached XP level 3. HP: 21/32 MP: 0/6
   231 | D        | Slain by an adder

Levels and vault maps discovered:
D:        linesprint [early_d, line_temple, items_1, d_10, items_2, lair_1,
          lair_end, items_3, orc_1, orc_end, items_4, d_15, swamp_1, shoals_1,
          snake_1, spider_1, d_20, vaults_1, items_5, swamp_end, shoals_end,
          snake_end, spider_end, vaults_end, d_27, items_6, zot_1, zot_end,
          crypt_end, forest_end, elf_end, slime_end, tomb_end, abyss_end,
          pan_hell_end]

Skill      XL: |  1  2 |
---------------+-------+-----
Fighting       | 3 4 |  4.8
Dodging        | 3 4 |  4.4
Stealth        | |  1.7
Spellcasting   | |  2.0
Necromancy     | |  4.3

Action                   || total
-------------------------++-------
Melee: Unarmed           ||    18
       Headbutt          ||     2
 Cast: Pain              ||     7
       Animate Skeleton  ||     3
  Use: Potion            ||     1
Dodge: Dodged            ||     8

Table legend:
 A = Non-vault XP
 B = Vault XP
 C = Vault XP percentage of total XP
 D = Non-vault monster count
 E = Vault monster count
 F = Vault count percentage of total count
                 A         B        C        D         E       F
            +---------+---------+-------+---------+---------+-------
      Total |       0 |      64 | 100.0 |       0 |       9 | 100.0
            +---------+---------+-------+---------+---------+-------
          D |       0 |      64 | 100.0 |       0 |       9 | 100.0
            +---------+---------+-------+---------+---------+-------
